 Dungeon Sprint DCSS version bcrawl-1.19.1 (webtiles) character file.

Game seed: 16754744219098043197

7813 Freyura the Bludgeoner (level 11, -7/76 HPs)
             Began as a Skeleton Fighter on Nov 29, 2019.
             Was a Believer of Ru.
             Mangled by Feadicit the pandemonium lord (18 damage)
             ... in the Dungeon (Sprint V: "Ziggurat Sprint").
             The game lasted 00:11:11 (1083 turns).

Freyura the Bludgeoner (Skeleton Fighter)           Turns: 1083, Time: 00:11:12

Health: -7/76      AC: 30    Str: 23 (24) XL:     11   Next: 1%
Magic:  0/11       EV: 18    Int:  5 (6)  God:    Ru [**....]
Gold:   0          SH:  0    Dex: 23      Spells: 10/10 levels left

rFire    + + .     SeeInvis .   z - +7 great mace "Firestarter" {inner flame, rF++}
rCold    + . .     Gourm    .   (shield currently unavailable)
rNeg     + + +     Faith    .   w - +15 Maxwell's patent armour {-Cast -Tele rElec MR+ rCorr}
rPois    ∞         Spirit   +   (no helmet)
rElec    +         Reflect  .   (no cloak)
rCorr    +         Harm     .   (no gloves)
MR       ++...     NoTele   +   (no boots) Stlth ..........NoCast +
                                k - amulet of the acrobat
HPRegen  0.22/turn              m - +6 ring of dexterity
MPRegen  0.12/turn              n - +6 ring of dexterity

@: studying Bows, silenced
A: no food or potions, cold resistance 1, deterioration 1, negative energy
resistance 3, powered by death 1, torment resistance, unbreathing, magic shield,
inability to use devices, sturdy frame 2, spell healing
a: Renounce Religion


You were in the Dungeon.
You worshipped Ru.
Ru was pleased with you.
You were not hungry.

You visited 1 branch

Inventory:

Hand Weapons
 a - the +1 rapier of Linezut {antimagic, SInv Stlth+}
   (You took it off a crimson imp in the Dungeon)

   It reduces the magical energy of the wielder, and disrupts the spells and
   magical abilities of those hit.
   Natural abilities and divine invocations are not affected.
   It lets you see invisible.
   It makes you more stealthy.
 z - the +7 great mace "Firestarter" (weapon) {inner flame, rF++}
   (You found it in the Dungeon)

   It has been specially enchanted to burn those struck by it, causing extra
   injury to most foes and up to half again as much damage against particularly
   susceptible opponents.
   It greatly protects you from fire.
 A - the +6 shillelagh "Devastator" {shatter}
   (You found it in the Dungeon)
 G - the +7 mace of Variability {chain chaos}
   (You found it in the Dungeon)

   Each time it hits an enemy it has a different, random effect.
Armour
 c - the +2 shield of Resistance {rF+ rC+ MR+}
   (You found it in the Dungeon)

   It protects you from fire.
   It protects you from cold.
   It affects your resistance to hostile enchantments.
 w - the +15 Maxwell's patent armour (worn) {-Cast -Tele rElec MR+ rCorr}
   (You found it in the Dungeon)

   It insulates you from electricity.
   It affects your resistance to hostile enchantments.
   It prevents spellcasting.
   It prevents most forms of teleportation.
   It provides partial protection from all sources of acid and corrosion.
 x - the +18 shield of the Gong {rElec rN+ MR+ EV-5}
   (You found it in the Dungeon)

   It affects your evasion (-5).
   It insulates you from electricity.
   It protects you from negative energy.
   It affects your resistance to hostile enchantments.
Jewellery
 k - an amulet of the acrobat (around neck)
 l - the ring of Reimbursement {Int+2 Dex+4}
   (You found it in the Dungeon)

   [ring of intelligence]

   It affects your intelligence (+2).
   It affects your dexterity (+4).
 m - a +6 ring of dexterity (left hand)
 n - a +6 ring of dexterity (right hand)
Scrolls
 b - a scroll of brand weapon
 d - 4 scrolls of blinking
 e - 4 scrolls of amnesia
 f - 7 scrolls of fog
 g - 5 scrolls of identify
 h - 5 scrolls of remove curse
 i - 2 scrolls of fear
Books
 j - a manual of Bows


   Skills:
 + Level 11.7 Fighting
 * Level 18.0 Maces & Flails
 + Level 12.8 Armour
 + Level 11.3 Dodging
 - Level 3.6 Shields
   Level 0.0 Evocations


You had 10 spell levels left.
You didn't know any spells.
Your spell library contained the following spells:

 Spells                   Type           Power        Failure   Level  Hunger
 Sting                    Conj/Pois      #...         91%         1    N/A
 Swiftness                Chrm/Air       #.......     97%         2    N/A
 Mephitic Cloud           Conj/Pois/Air  #.......     99%         3    N/A
 Olgreb's Toxic Radiance  Pois           #.......     100%        4    N/A
 Iskenderun's Battlesphe  Conj/Chrm      #.......     100%        5    N/A

Dungeon Overview and Level Annotations

Branches:
Dungeon (1/1)

Altars:
Ashenzari
Cheibriados
Dithmenos
Elyvilon
Fedhas
Gozag
Hepliaklqana
Kikubaaqudgha
Lugonu
Makhleb
Nemelex Xobeh
Okawaru
Qazlal
Ru
Sif Muna
Trog
Uskayaw
Vehumet
Wu Jian
Xom
Yredelemnul
Zin
The Shining One
Beogh
Jiyva


Innate Abilities, Weirdness & Mutations

You do not eat or drink.
You are immune to poison.
Your flesh is cold resistant. (rC+)
Your body sometimes deteriorates upon taking damage.
You are immune to negative energy. (rN+++)
You regenerate a little health from kills.
You are immune to unholy pain and torment.
You can survive without breathing.
When hurt, damage is shared between your health and your magic reserves.
You cannot study or use magical devices.
Your movements are less encumbered by armour. (ER -4)
Casting spells heals you.


Message History

The blizzard demon waves its arms in wide circles.
The air twists around and strikes you. Feadicit hits you.
You hit Feadicit but do no damage.
Feadicit is lightly wounded.
The crimson imp blinks! x2; Feadicit hits you!
You barely miss Feadicit.
Feadicit is lightly wounded.
Feadicit hits you!!
* * * LOW HITPOINT WARNING * * *
Your body deteriorates!
You feel weakened.
The ufetubus hits you but does no damage.
The ufetubus misses you.
The ynoxinul gestures.
Geoxtuv gestures.
Your Maxwell's patent armour prevents you from hitting Feadicit.
Feadicit is lightly wounded.
You redirect Feadicit's attack!
Feadicit hits itself but does no damage.
The ufetubus barely misses you. The ufetubus completely misses you.
Feadicit hits you!!
You die...

▓..8©8..▓
▓..[:.))..▓..):=..▓
▓..."[5...▓...))..▓
▓.........▓.......▓
▓........1▓.......▓
▓.......3.▓....)..▓
▓.....3.&2▓%%..)%.▓
▓.▓.5.55▓5▓.......▓
▓....©.4&@▓.%.©.%.▓
▓▓▓▓▓▓▓▓▓▓▓▓▓▓▓▓▓▓▓


You could see Feadicit (inner flame), Geoxtuv, a Hell Sentinel, a blizzard
demon, a rust devil, a smoke demon, a ynoxinul, 2 crimson imps and 3 ufetubi.

Vanquished Creatures
  A revenant (D)
  A green draconian (D)
  A red draconian (D)
  2 dancing weapons (D)
  A deep elf knight (D)
  A deep elf mage (D)
  4 draconians (D)
  A jumping spider (D)
  An air elemental (D)
  3 tarantellas (D)
  A water elemental (D)
  A golden eye (D)
  A crocodile (D)
  4 porcupines (D)
  A necrophage (D)
  A phantom (D)
  2 bullfrogs (D)
  A scorpion (D)
  A wight (D)
  A crimson imp (D)
  An iron imp (D)
  2 river rats (D)
  An ufetubus (D)
  An ooze (D)
  A bat zombie (D)
  A jackal (D)
37 creatures vanquished.

Vanquished Creatures (others)
  A spatial maelstrom (D)
1 creature vanquished.

Grand Total: 38 creatures vanquished

Notes
Turn   | Place    | Note
-------+----------+-------------------------------------------
     0 | D        | Freyura the Skeleton Fighter began the quest for the Orb.
     0 | D        | Reached XP level 1. HP: 14/14 MP: 1/1
     0 | D        | Found a shimmering blue altar of Sif Muna.
     0 | D        | Found a bloodstained altar of Trog.
     0 | D        | Found a sacrificial altar of Ru.
     0 | D        | Found a stormy altar of Qazlal.
     0 | D        | Found an iron altar of Okawaru.
     1 | D        | Found a sparkling altar of Nemelex Xobeh.
     1 | D        | Found a blossoming altar of Fedhas.
     2 | D        | Found the +6 Majin-Bo {vamp, *Drain Str+12 Int+24}
     2 | D        | Found the +7 great mace "Firestarter" {inner flame, rF++}
     2 | D        | Found a transporter.
     2 | D        | Found an ancient bone altar of Kikubaaqudgha.
     2 | D        | Found a viscous altar of Jiyva.
     2 | D        | Found a corrupted altar of Lugonu.
     2 | D        | Found a hazy altar of Hepliaklqana.
     2 | D        | Found a burning altar of Makhleb.
     2 | D        | Found an opulent altar of Gozag.
    10 | D        | Banished a spatial maelstrom
    18 | D        | Found the +9 heavy crossbow "Sniper" {velocity, Acc+∞ SInv}
    18 | D        | Found the +10 dark maul {crush}
    18 | D        | Found the +15 Maxwell's patent armour {-Cast -Tele rElec
                  | MR+ rCorr}
    18 | D        | Found the +18 shield of the Gong {rElec rN+ MR+ EV-5}
    18 | D        | Found the cursed +14 obsidian axe {chop, +Fly SInv *Curse}
    20 | D        | Found the +6 shillelagh "Devastator" {shatter}
    20 | D        | Found the +11 plutonium sword {*Contam Stlth-}
    20 | D        | Found the +8 lance "Wyrmbane" {slay drac, rPois rF+ rC+
                  | AC+3}
    20 | D        | Found the +9 sword of Zonguldrok {reap}
    20 | D        | Found the cursed +13 scythe of Curses {drain, *Curse}
    20 | D        | Found the +0 sword of Power
    20 | D        | Found the +7 mace of Variability {chain chaos}
    20 | D        | Found the +7 Singing Sword {slice}
    20 | D        | Found the +7 longbow "Piercer" {penet, EV-2}
   144 | D        | Became a worshipper of Ru the Awakened
   159 | D        | Entered arena 2.
   159 | D        | Noticed a golden eye
   159 | D        | Found a transporter.
   177 | D        | Reached skill level 3 in Maces & Flails
   187 | D        | Killed a golden eye
   187 | D        | Reached skill level 7 in Maces & Flails
   187 | D        | Reached skill level 5 in Armour
   187 | D        | Reached XP level 2. HP: 19/20 MP: 1/4
   187 | D        | Reached XP level 3. HP: 24/25 MP: 1/5
   187 | D        | Reached XP level 4. HP: 29/30 MP: 1/6
   231 | D        | Got the Guide on Assistive Poisoning
   235 | D        | Entered arena 3.
   235 | D        | Noticed a porcupine
   235 | D        | Noticed a bullfrog
   235 | D        | Found a transporter.
   238 | D        | Killed a porcupine
   238 | D        | Reached skill level 5 in Fighting
   238 | D        | Reached skill level 8 in Maces & Flails
   238 | D        | Reached XP level 5. HP: 19/36 MP: 4/8
   239 | D        | Reached skill level 9 in Maces & Flails
   239 | D        | Gained mutation: You regenerate a little health from kills.
                  | [Skeleton growth]
   239 | D        | Reached XP level 6. HP: 21/41 MP: 4/9
   368 | D        | Entered arena 4.
   368 | D        | Noticed a revenant
   368 | D        | Found a transporter.
   369 | D        | Identified the +1 rapier of Linezut {antimagic, SInv
                  | Stlth+}
   373 | D        | Reached skill level 5 in Dodging
   378 | D        | Killed a revenant
   378 | D        | Reached skill level 13 in Maces & Flails
   378 | D        | Reached XP level 7. HP: 28/50 MP: 3/12
   378 | D        | Reached XP level 8. HP: 30/55 MP: 3/13
   454 | D        | Entered arena 5.
   454 | D        | Found a transporter.
   475 | D        | Entered arena 6.
   475 | D        | Noticed a jumping spider
   475 | D        | Found a transporter.
   478 | D        | Reached skill level 10 in Armour
   478 | D        | Reached XP level 9. HP: 60/60 MP: 14/14
   484 | D        | Killed a jumping spider
   484 | D        | Reached skill level 14 in Maces & Flails
   494 | D        | Gained mutation: You cannot study or use magical devices.
                  | [Ru sacrifice]
   494 | D        | Reached * piety under Ru
   494 | D        | Reached ** piety under Ru
   499 | D        | Entered arena 7.
   499 | D        | Noticed a red draconian
   499 | D        | Noticed a draconian
   499 | D        | Noticed a draconian
   499 | D        | Noticed a draconian
   499 | D        | Noticed a draconian
   499 | D        | Noticed a green draconian
   500 | D        | Found the +2 shield of Resistance {rF+ rC+ MR+}
   514 | D        | Killed a green draconian
   514 | D        | Reached skill level 10 in Fighting
   514 | D        | Reached skill level 15 in Maces & Flails
   516 | D        | Killed a draconian
   516 | D        | Gained mutation: Your movements are less encumbered by
                  | armour. (ER -4) [Skeleton growth]
   516 | D        | Reached XP level 10. HP: 30/68 MP: 4/10
   517 | D        | Killed a draconian
   517 | D        | Killed a draconian
   517 | D        | Reached skill level 16 in Maces & Flails
   517 | D        | Reached skill level 10 in Dodging
   518 | D        | Found a transporter.
   522 | D        | Killed a draconian
   533 | D        | Killed a red draconian
   533 | D        | HP: 3/68 [red draconian/exploding inner flame[the player
                  | character] (9)]
   533 | D        | Reached skill level 17 in Maces & Flails
   828 | D        | Entered arena 8.
   828 | D        | Noticed a deep elf mage
   828 | D        | Noticed a deep elf knight
   828 | D        | Noticed a +1 mace of distortion
   828 | D        | Noticed a +1 long sword of freezing
   831 | D        | Found a transporter.
   832 | D        | Killed a +1 mace of distortion
   834 | D        | Killed a +1 long sword of freezing
   843 | D        | Killed a deep elf mage
   843 | D        | Killed a deep elf knight
   850 | D        | Got the cursed ring "Pocuujeh" {rPois rF+ EV-2 Stlth+}
  1051 | D        | Entered arena 9.
  1054 | D        | Found a transporter.
  1057 | D        | Reached skill level 18 in Maces & Flails
  1057 | D        | Reached XP level 11. HP: 66/76 MP: 9/11
  1069 | D        | Got the ring of Reimbursement {Int+2 Dex+4}
  1074 | D        | Entered arena 10.
  1074 | D        | Noticed Feadicit the pandemonium lord
  1074 | D        | Noticed Geoxtuv the pandemonium lord
  1078 | D        | Noticed a blizzard demon
  1083 | D        | Noticed a Hell Sentinel
  1083 | D        | Mangled by Feadicit the pandemonium lord

Skill      XL: |  1  2  3  4  5  6  7  8  9 10 |
---------------+-------------------------------+-----
Maces & Flails | 7 8 9 13 15 18 | 18.0
Fighting       | 4 5 8 9 10 11 | 11.7
Armour         | 5 6 9 10 11 12 | 12.8
Dodging        | 3 4 7 8 9 11 | 11.3
Evocations     | 3 4 7 0 |  0.0
Shields        | |  3.6

Action                   |  1- 3 |  4- 6 |  7- 9 | 10-12 || total
-------------------------+-------+-------+-------+-------++-------
Melee: Great mace        |     8 |    10 |    26 |    37 ||    81
Invok: Sacrifice Artific |       |       |     1 |       ||     1
Armor: Plate armour      |    11 |    10 |    38 |    20 ||    79
Dodge: Dodged            |     7 |    10 |    37 |    38 ||    92
